 Dungeon Crawl Stone Soup version 0.26-a0-818-g75db068ed4 (webtiles) character file.

Game seed: 6755285576206588786

919 dracfodder the Chiller (level 7, 0/52 HPs)
             Began as a Demigod Ice Elementalist on Nov 14, 2020.
             Slain by a white imp (2 damage)
             ... on level 5 of the Dungeon.
             The game lasted 00:27:31 (5354 turns).

dracfodder the Chiller (Demigod Ice Elementalist)   Turns: 5354, Time: 00:27:31

Health: 0/52       AC:  5    Str: 11    XL:     7   Next: 53%
Magic:  12/16      EV: 13    Int: 23    God:
Gold:   150        SH:  0    Dex: 16    Spells: 1/14 levels left

rFire    . . .     SeeInvis .   b - +2 halberd (venom)
rCold    . . .     Faith    .   (shield currently unavailable)
rNeg     . . .     Spirit   .   h - +1 robe
rPois    .         Reflect  .   (no helmet)
rElec    .         Harm     .   m - +0 cloak
rCorr    .         Rampage  .   q - +0 pair of gloves
MR       .....                  (no boots)
Stlth    ++........             (no amulet)
HPRegen  0.17/turn              (no ring)
MPRegen  0.15/turn              (no ring)

@: frozen ramparts
A: high mp 1
a: no special abilities


You were on level 5 of the Dungeon.
You visited 1 branch of the dungeon, and saw 7 of its levels.

You collected 150 gold pieces.

Inventory:

Hand Weapons
 a - a +3 hunting sling
 b - a +2 halberd of venom (weapon)
 e - a +3 quarterstaff of chaos
Missiles
 d - 54 sling bullets
 f - 167 stones (quivered)
 g - 17 boomerangs
 o - 38 bolts
 p - 14 poisoned darts
 t - 21 arrows
Armour
 h - a +1 robe (worn)
 m - a +0 cloak (worn)
 q - a +0 pair of gloves (worn)
Scrolls
 i - 7 scrolls of teleportation
 l - 2 scrolls of remove curse
 r - a scroll of amnesia
 u - a scroll of identify
Potions
 c - a potion of might
 j - a potion of heal wounds
 k - a potion of lignification
 n - a potion of berserk rage {unknown}
 s - a potion of resistance {unknown}
 v - a potion of cancellation {unknown}


   Skills:
 + Level 1.2 Fighting
 + Level 2.3 Polearms
 + Level 1.8(1.9) Slings
 + Level 0.3(1.2) Throwing
 + Level 2.3 Dodging
 + Level 3.4 Stealth
 + Level 4.1 Spellcasting
 + Level 0.2 Conjurations
 + Level 6.0 Ice Magic


You had one spell level left.
You knew the following spells:

 Your Spells              Type           Power        Failure   Level
a - Freeze                Ice            ####         1%          1
b - Frozen Ramparts       Ice            ####..       2%          3
c - Ozocubu's Armour      Ice            ####....     2%          3
d - Magic Dart            Conj           #...         10%         1
e - Blink                 Tloc           N/A          16%         2
f - Mephitic Cloud        Conj/Pois/Air  #.......     30%         3

Your spell library contained the following spells:

 Spells                   Type           Power        Failure   Level
 Call Imp                 Summ           #.......     16%         2
 Slow                     Hex            #.......     16%         2
 Conjure Flame            Conj/Fire      #.......     28%         3
 Hailstorm                Conj/Ice       ###.....     28%         4
 Summon Ice Beast         Ice/Summ       ###.....     30%         4


Dungeon Overview and Level Annotations

Branches:
Dungeon (7/15)             Temple (0/1) D:4


Innate Abilities, Weirdness & Mutations

You have an increased reservoir of magic. (+10% MP)


Message History

The white imp is lightly wounded.
The white imp completely resists.
The wall freezes the white imp but do no damage.
The white imp gestures at you. The puff of frost misses you.
The phantom blinks!
You closely miss the white imp.
The white imp is lightly wounded.
The white imp resists.
The wall freezes the white imp.
The white imp gestures at you. The puff of frost hits you.
* * * LOW HITPOINT WARNING * * *
You completely miss the white imp.
The white imp is moderately wounded.
The white imp resists.
The wall freezes the white imp.
The white imp barely misses you.
The white imp completely resists.
The wall freezes the white imp but do no damage.
The white imp hits you.
* * * LOW HITPOINT WARNING * * *
The white imp freezes you.
You die...

#...# #.... #≈#.....
##...#
#≈##.....##....###
≈≈≈#..... ........
≈≈≈#....###.......
######≈# #....##.......
##.?..#.# #....###>#....
......5†# #.#...........
^...W..@###.##.....>....
........................
...........####.#.......
....(.....## #....##...
####......# ##........
....$.... ..#>.####
########### ###..## .##
##


You could see a phantom and a white imp.

Vanquished Creatures
  A sky beast (D:6)
  An ogre (D:2)
  2 bullfrogs
  A scorpion (D:6)
  A howler monkey (D:4)
  An orc priest (D:6)
  A bullfrog skeleton (D:6)
  3 orc wizards
  Crazy Yiuf (D:4)
  Jessica (D:2)
  4 worker ants (D:4)
  3 gnolls
  6 adders
  A shadow imp (D:6)
  An ufetubus (D:5)
  An ooze (D:3)
  3 worms (D:3)
  6 dart slugs
  5 leopard geckos
  15 orcs
  A ball python (D:3)
  A giant cockroach (D:4)
  10 goblins
  10 hobgoblins
  4 jackals (D:7)
  2 quokkas
  8 bats
  8 frilled lizards
  9 kobolds
  A quokka skeleton (D:4)
  4 rats
  4 bushes (D:2)
120 creatures vanquished.

Vanquished Creatures (others)
  9 plants (D:2)
9 creatures vanquished.

Grand Total: 129 creatures vanquished

Notes
Turn   | Place    | Note
-------+----------+-------------------------------------------
     0 | D:1      | dracfodder the Demigod Ice Elementalist began the quest for
                  | the Orb.
     0 | D:1      | Reached XP level 1. HP: 14/14 MP: 5/5
   182 | D:1      | Reached skill level 4 in Ice Magic
   182 | D:1      | Reached XP level 2. HP: 20/20 MP: 2/7
  1236 | D:2      | Found a stormy altar of Qazlal.
  1349 | D:2      | Reached XP level 3. HP: 25/26 MP: 5/8
  1354 | D:2      | Learned a level 3 spell: Frozen Ramparts
  1761 | D:2      | Noticed Jessica
  1764 | D:2      | Reached XP level 4. HP: 33/33 MP: 7/10
  1769 | D:2      | Killed Jessica
  2229 | D:2      | Noticed an ogre
  2235 | D:2      | Killed an ogre
  2235 | D:2      | Reached skill level 5 in Ice Magic
  2235 | D:2      | Reached XP level 5. HP: 24/38 MP: 8/12
  3395 | D:3      | Learned a level 3 spell: Ozocubu's Armour
  3397 | D:3      | Learned a level 1 spell: Magic Dart
  3400 | D:3      | Learned a level 2 spell: Blink
  3859 | D:4      | Reached XP level 6. HP: 46/46 MP: 5/14
  3873 | D:4      | Reached skill level 1 in Slings
  4110 | D:4      | Found a snail-covered altar of Cheibriados.
  4128 | D:4      | Found a staircase to the Ecumenical Temple.
  4138 | D:4      | Reached skill level 1 in Polearms
  4180 | D:4      | Found a runed translucent door.
  4181 | D:4      | Noticed Crazy Yiuf
  4187 | D:4      | Killed Crazy Yiuf
  4304 | D:4      | Reached skill level 1 in Fighting
  4368 | D:4      | Found a white marble altar of Elyvilon.
  4388 | D:4      | Found an opulent altar of Gozag.
  4683 | D:4      | You fall into a shaft and drop 2 floors!
  4781 | D:6      | Upgraded the game from 0.26-a0-812-g31a745ddcd to
                  | 0.26-a0-818-g75db068ed4
  4784 | D:6      | Reached XP level 7. HP: 52/52 MP: 11/15
  4961 | D:6      | Learned a level 3 spell: Mephitic Cloud
  5056 | D:6      | Reached skill level 6 in Ice Magic
  5327 | D:5      | Entered Level 5 of the Dungeon
  5354 | D:5      | HP: 2/52 [white imp (4)]
  5354 | D:5      | Slain by a white imp

Illustrated notes

Levels and vault maps discovered:
D:1:      minmay_arrival_four_loops, layout_loops_corners
D:2:      layout_rooms, grunt_qazlal_clouds, lexackson_kobold_supper,
          uniq_jessica
D:3:      layout_loops_cross
D:4:      layout_gridville, marbit_many_paths, grunt_gozag_statues,
          minmay_temple_entry_sparse_star, elyvilon_altar_4,
          uniq_crazy_yiuf_cottage
D:5:      layout_rooms, gup_sewer_entry_bubbles, st_stairs_9, uniq_sigmund
D:6:      layout_gridville
D:7:      lemuel_slime, layout_rooms, serial_corexii_hall,
          corexii_hall_statues_l, corexii_hall_statues_s, nemelex_altar_shiori,
          uniq_pikel, uniq_maggie

Skill      XL: |  1  2  3  4  5  6  7 |
---------------+----------------------+-----
Stealth        | 2 3 |  3.4
Ice Magic      | 4 5 6 |  6.0
Spellcasting   | 2 3 4 |  4.1
Dodging        | 2 |  2.3
Slings         | 1 |  1.8
Polearms       | 1 2 |  2.3
Fighting       | 1 |  1.2
Throwing       | |  0.3
Conjurations   | |  0.2

Action                   |  1- 3 |  4- 6 |  7- 9 || total
-------------------------+-------+-------+-------++-------
Melee: Short sword       |     9 |       |       ||     9
       Halberd           |       |   176 |    24 ||   200
 Fire: Hunting sling     |     3 |    15 |     5 ||    23
Throw: Stone             |     7 |     2 |       ||     9
 Cast: Freeze            |    48 |    50 |       ||    98
       Magic Dart        |       |    13 |       ||    13
       Frozen Ramparts   |       |    13 |     6 ||    19
       Ozocubu's Armour  |       |     2 |       ||     2
  Use: Scroll            |     7 |     5 |     1 ||    13
       Potion            |       |       |     1 ||     1
 Stab: Sleeping          |     2 |     4 |       ||     6
       Distracted        |       |     1 |       ||     1
Armor: Robe              |     9 |    34 |     4 ||    47
Dodge: Dodged            |    30 |    58 |    28 ||   116

Table legend: (Time is in decaauts)
 A = Elapsed time spent in this place.
 B = Non-inter-level travel time spent in this place.
 C = Inter-level travel time spent in this place.
 D = Time resting spent in this place.
 E = Time spent auto-exploring this place.
 F = Levels seen in this place.
 G = Mean time per level.
                   A        B        C        D        E       F      G
               +--------+--------+--------+--------+--------+-----+--------+
         Total |   5453 |   5375 |     78 |   1378 |   2771 |   7 |  779.0 |
       Dungeon |   5453 |   5375 |     78 |   1378 |   2771 |   7 |  779.0 |
               +--------+--------+--------+--------+--------+-----+--------+

Top non-repeatable levels by time:
     D:2: 1556 daAuts
     D:1: 1226 daAuts
     D:3: 1135 daAuts
     D:4: 853 daAuts
     D:6: 640 daAuts
     D:5: 29 daAuts
     D:7: 11 daAuts
